[Event "Early-Titled-Tuesday-Blitz-December-26-2023"]
[Site "Chess.com"]
[Date "2023.12.26"]
[Round "5"]
[White "WeAintSurePal"]
[Black "NovozhilovSemen"]
[Result "0-1"]
[WhiteElo "2521"]
[BlackElo "2762"]
[TimeControl "180+1"]
[EndTime "8:53:22 PST"]
[Termination "NovozhilovSemen won by resignation"]

1. d4 Nf6 2. Nf3 e6 3. Bg5 c5 4. e3 b6 5. Nbd2 cxd4 6. exd4 Bb7 7. c3 Be7 8. Bd3 O-O 9. Qe2 d6 10. h4 Nbd7 11. Ne4 h6 12. Nxf6+ Nxf6 13. O-O-O a5 14. Kb1 a4 15. g4 Nd5 16. Bd2 a3 17. b3 Rb8 18. c4 Nc7 19. g5 h5 20. g6 fxg6 21. d5 exd5 22. Bxg6 Rf6 23. Bd3 Qe8 24. Ng5 dxc4 25.
Bxc4+ d5 26. Bd3 Bc5 27. Bh7+ Kh8 28. Qd3 Ba6 29. Qc2 Nb5 30. Rde1 Qc8 31. Bd3 Nd4 32.
Qd1 Bxd3+ 33. Ka1 Nc2+ 34. Kb1 Nxe1+ 35. Kc1 Bd4+ 0-1

[Event "Early-Titled-Tuesday-Blitz-December-26-2023"]
[Site "Chess.com"]
[Date "2023.12.26"]
[Round "5"]
[White "Cheer_Down"]
[Black "SirStrateg"]
[Result "0-1"]
[WhiteElo "2494"]
[BlackElo "2666"]
[TimeControl "180+1"]
[EndTime "8:53:23 PST"]
[Termination "SirStrateg won by resignation"]

1. d4 Nf6 2. Nf3 e6 3. Bf4 b6 4. e3 Bb7 5. Be2 d6 6. h3 Nbd7 7. c4 h6 8. Nc3 g5 9. Bh2 Bg7 10.
O-O Qe7 11. b4 Ne4 12. Nxe4 Bxe4 13. c5 bxc5 14. bxc5 dxc5 15. Rc1 O-O 16. Bb5 Rac8 17. Bxd7 Qxd7 18. Rxc5 c6 19. Ne5 Qb7 20. Nc4 Bd5 21.
Nd6 Qa6 22. Nxc8 Rxc8 23. Qc2 Bf8 24. Rc3 f5 25. Qc1 Qxa2 26. Ra3 Qxa3 0-1

[Event "Early-Titled-Tuesday-Blitz-December-26-2023"]
[Site "Chess.com"]
[Date "2023.12.26"]
[Round "5"]
[White "ChessBliss09"]
[Black "Fischerev7"]
[Result "0-1"]
[WhiteElo "2091"]
[BlackElo "2393"]
[TimeControl "180+1"]
[EndTime "8:53:31 PST"]
[Termination "Fischerev7 won by checkmate"]

1. e4 c5 2. Nf3 d6 3. d4 cxd4 4. Nxd4 Nf6 5. Nc3 a6 6. f3 e5 7. Nb3 Qc7 8. Be3 Be6 9. Qd2 Nbd7 10. g4 b5 11. g5 Nh5 12. h4 Be7 13. O-O-O Nb6 14. f4 exf4 15. Bxf4 Nxf4 16. Qxf4 O-O 17. Kb1 Rac8 18. Bd3 Nc4 19. Bxc4 Qxc4 20. Rh2 b4 21.
Nd5 Bxd5 22. Rxd5 f6 23. Nd2 fxg5 24. Qg4 Qxc2+ 25. Ka1 Rf1+ 26. Nb1 Qxb1# 0-1

[Event "Early-Titled-Tuesday-Blitz-December-26-2023"]
[Site "Chess.com"]
[Date "2023.12.26"]
[Round "5"]
[White "Alexchess1984"]
[Black "Witty_Alien"]
[Result "1-0"]
[WhiteElo "2718"]
[BlackElo "2467"]
[TimeControl "180+1"]
[EndTime "8:53:45 PST"]
[Termination "Alexchess1984 won on time"]

1. e4 c5 2. Nf3 d6 3. d4 cxd4 4. Qxd4 a6 5. Bc4 Nc6 6. Qd3 g6 7. Nc3 Bg7 8. Bg5 h6 9. Bf4 g5 10. Bg3 b5 11. Bb3 g4 12. Qd5 gxf3 13. Qxf7+ Kd7 14.
Qxg7 fxg2 15. Rg1 Nf6 16. e5 b4 17. exf6 bxc3 18. O-O-O cxb2+ 19. Kb1 Kc7 20. fxe7 Qe8 21. Rxd6 Kb7 22. Bd5 Bd7 23. Rxd7+ Qxd7 24. e8=Q Raxe8 25. Qxd7+ 1-0

[Event "Early-Titled-Tuesday-Blitz-December-26-2023"]
[Site "Chess.com"]
[Date "2023.12.26"]
[Round "5"]
[White "wonderfultime"]
[Black "stollenmonster"]
[Result "1-0"]
[WhiteElo "3022"]
[BlackElo "2925"]
[TimeControl "180+1"]
[EndTime "8:53:48 PST"]
[Termination "wonderfultime won by resignation"]

1. d4 Nf6 2. c4 e6 3. Nc3 d5 4.
Nf3 Ne4 5. g3 Be7 6. Bg2 O-O 7.
O-O f5 8. Ne5 c6 9. Qb3 Qb6 10. e3 Nd7 11. Nd3 Ndf6 12. f3 Nxc3 13. bxc3 Qa6 14. Ne5 Nd7 15. cxd5 Nxe5 16. dxe5 cxd5 17.
Bd2 Bd7 18. h3 Ba4 19. Qb2 Rad8 20. Kh2 b6 21. Rae1 Bb5 22. Rf2 Bd3 23. Bc1 Bc5 24.
Rd2 g5 25. Rxd3 Qxd3 26. Bf1 Ba3 27. Bxd3 Bxb2 28. Bxb2 Rc8 29. Kg2 Rf7 30. g4 fxg4 31.
hxg4 Rc5 32. Kg3 Rfc7 33. Rh1 b5 34. a3 a5 35. Rh5 Rg7 36. Rh6 1-0

[Event "Early-Titled-Tuesday-Blitz-December-26-2023"]
[Site "Chess.com"]
[Date "2023.12.26"]
[Round "5"]
[White "PawnEatingZombie"]
[Black "giomar27"]
[Result "0-1"]
[WhiteElo "2156"]
[BlackElo "2395"]
[TimeControl "180+1"]
[EndTime "8:53:49 PST"]
[Termination "giomar27 won on time"]

1. e4 e5 2. Nf3 Nc6 3. d3 Nf6 4. c3 d5 5. Nbd2 a5 6. Be2 Bc5 7. O-O O-O 8. a4 Re8 9. Nb3 Bf8 10. Nfd2 Be6 11. exd5 Nxd5 12. Nc4 f5 13. Bf3 Qf6 14. Re1 Rad8 15. g3 e4 16. dxe4 Nxc3 17. Qc2 Nxe4 18. Bf4 Nb4 19. Qe2 Nd3 20. Ncxa5 Nxf4 21.
gxf4 Bf7 22. Red1 Nc3 0-1

[Event "Early-Titled-Tuesday-Blitz-December-26-2023"]
[Site "Chess.com"]
[Date "2023.12.26"]
[Round "5"]
[White "ShahMatKanal"]
[Black "LikeWater"]
[Result "0-1"]
[WhiteElo "2531"]
[BlackElo "2747"]
[TimeControl "180+1"]
[EndTime "8:53:51 PST"]
[Termination "LikeWater won by resignation"]

1. d4 Nf6 2. Nf3 e6 3. Bf4 d5 4. e3 Bd6 5. c3 c5 6. Bb5+ Nc6 7.
Ne5 Qc7 8. Nd2 O-O 9. Ndf3 cxd4 10. exd4 Ne4 11. O-O f6 12. Nxc6 Bxf4 13. Nb4 a6 14. Bd3 Bd7 15. Nc2 Be8 16. Qe2 f5 17. g3 Bh5 18. gxf4 Qxf4 19. Nce1 Ng5 20. Qe3 Bxf3 21. Nxf3 Nxf3+ 22. Kg2 Qg4+ 23. Kh1 Qh3 24. Qxe6+ Kh8 25.
Qd6 f4 0-1

[Event "Early-Titled-Tuesday-Blitz-December-26-2023"]
[Site "Chess.com"]
[Date "2023.12.26"]
[Round "5"]
[White "Pendos666"]
[Black "bescmelasti"]
[Result "1-0"]
[WhiteElo "2837"]
[BlackElo "2647"]
[TimeControl "180+1"]
[EndTime "8:53:53 PST"]
[Termination "Pendos666 won by resignation"]

1. e4 c5 2. Nf3 e6 3. d4 cxd4 4. Nxd4 Nf6 5. Nc3 Nc6 6. Nxc6 bxc6 7. e5 Nd5 8. Ne4 Bb7 9. a3 f5 10. exf6 Nxf6 11. Nd6+ Bxd6 12. Qxd6 c5 13. Bd3 Qb6 14.
Bf4 Rc8 15. O-O c4 16. Be2 Ne4 17. Qb4 Bd5 18. Be3 Qc7 19. f3 Rb8 20. Qe1 Nd6 21. Qg3 O-O 22. Bd4 Rf7 23. Kh1 Rc8 24. Be5 1-0

[Event "Early-Titled-Tuesday-Blitz-December-26-2023"]
[Site "Chess.com"]
[Date "2023.12.26"]
[Round "5"]
[White "Sanyura"]
[Black "Herzog2012"]
[Result "0-1"]
[WhiteElo "2616"]
[BlackElo "2540"]
[TimeControl "180+1"]
[EndTime "8:53:53 PST"]
[Termination "Herzog2012 won by resignation"]

1. Nf3 Nf6 2. g3 b5 3. Bg2 Bb7 4. O-O e6 5. d3 c5 6. Nbd2 Be7 7. e4 d6 8. a4 a6 9. Re1 Nbd7 10. Nh4 Qc8 11.
Nf1 O-O 12. g4 Nxe4 13. Bxe4 Bxh4 14. g5 Ne5 15. Qh5 Ng6 16. Bxg6 Bxf2+ 0-1

[Event "Early-Titled-Tuesday-Blitz-December-26-2023"]
[Site "Chess.com"]
[Date "2023.12.26"]
[Round "5"]
[White "Hikaru"]
[Black "Vincent_Vega95"]
[Result "1-0"]
[WhiteElo "3218"]
[BlackElo "2857"]
[TimeControl "180+1"]
[EndTime "8:54:00 PST"]
[Termination "Hikaru won by resignation"]

1. Nf3 Nf6 2. e3 g6 3. b3 Bg7 4.
d4 O-O 5. Bb2 d6 6. c4 c5 7. Be2 Bf5 8. O-O Nc6 9. Nc3 Ne4 10.
Na4 Qa5 11. Qc1 cxd4 12. Nxd4 Bd7 13. Nb5 Bxb2 14. Qxb2 a6 15. Nbc3 Nxc3 16. Nxc3 Rab8 17. Nd5 Be6 18. b4 Qd8 19. Nf4 Bd7 20. Rfd1 b6 21.
a3 a5 22. Rac1 Re8 23. h4 h6 24. Qc3 Qc7 25. c5 dxc5 26. bxc5 b5 27. Nd5 Qe5 28.
Qxe5 Nxe5 29. Nb6 Bc6 30. f4 Nc4 31. Bxc4 bxc4 32. Rxc4 e5 33. Rd6 Bb5 34. Rc3 exf4 35. exf4 Rbd8 36. Rxd8 Rxd8 37. c6 1-0

[Event "Early-Titled-Tuesday-Blitz-December-26-2023"]
[Site "Chess.com"]
[Date "2023.12.26"]
[Round "5"]
[White "KVAIDAN"]
[Black "JAN2404"]
[Result "1-0"]
[WhiteElo "2351"]
[BlackElo "1955"]
[TimeControl "180+1"]
[EndTime "8:54:00 PST"]
[Termination "KVAIDAN won on time"]

1. f4 c5 2. Nf3 Nc6 3. d3 g6 4. e4 Bg7 5. Be2 d6 6. O-O Nf6 7. Nc3 O-O 8. Qe1 Rb8 9. a4 a6 10. Qh4 e6 11. f5 exf5 12. Bg5 h6 13. Bxh6 fxe4 14. Ng5 Be6 15. Bxg7 Kxg7 16. Ncxe4 Rh8 17.
Nxe6+ fxe6 18. Qxf6+ Qxf6 19. Nxf6 Nd4 20. Bd1 d5 21. c3 Nf5 22. Nd7 Rbc8 23. Ne5 Rc7 24.
Bf3 Kf6 25. Rae1 Rch7 26. g4 Nh4 27. Bxd5+ Ke7 28. Bxb7 1-0

[Event "Early-Titled-Tuesday-Blitz-December-26-2023"]
[Site "Chess.com"]
[Date "2023.12.26"]
[Round "5"]
[White "GMJustin"]
[Black "GMT4114"]
[Result "1-0"]
[WhiteElo "2242"]
[BlackElo "2018"]
[TimeControl "180+1"]
[EndTime "8:54:02 PST"]
[Termination "GMJustin won by resignation"]

1. d4 e6 2. c3 f5 3. g3 Nf6 4. Bg2 Be7 5. Nd2 O-O 6. e4 d6 7. exf5 exf5 8. Ne2 c6 9. O-O d5 10.
Nf3 Nbd7 11. Nf4 Qb6 12. Qe2 Ne4 13. Ne1 Bd6 14. f3 Nef6 15. Qe6+ Kh8 16. Qxd6 Re8 17. Ned3 a5 18. Bd2 a4 19. Rae1 a3 20. Rxe8+ Nxe8 21. Qe7 Nef6 22. Ne6 1-0

[Event "Early-Titled-Tuesday-Blitz-December-26-2023"]
[Site "Chess.com"]
[Date "2023.12.26"]
[Round "5"]
[White "MightyGMpretender"]
[Black "DrCeltic"]
[Result "1-0"]
[WhiteElo "2731"]
[BlackElo "2514"]
[TimeControl "180+1"]
[EndTime "8:54:08 PST"]
[Termination "MightyGMpretender won by resignation"]

1. Nf3 Nf6 2. g3 d5 3. Bg2 Bf5 4. O-O e6 5. d3 h6 6. c4 c6 7. Qb3 Qb6 8. Be3 Qc7 9. Nc3 Nbd7 10. Rfc1 Bc5 11. d4 dxc4 12. Qxc4 Be7 13. Bf4 Qb6 14. Na4 Qb4 15. Qxb4 Bxb4 16. a3 Be7 17. b4 O-O 18. Nc5 Nxc5 19. bxc5 Nd5 20. Ra2 Nxf4 21. gxf4 Rfd8 22.
e3 b6 23. Ne5 Rac8 24. Nxc6 Rd7 25. cxb6 Kf8 26. bxa7 Rxa7 27. Rca1 Ra4 28. Nxe7 Kxe7 29.
Rb2 Rc7 30. h4 Rca7 31. Rb7+ Kf6 32. Rxa7 Rxa7 33. a4 Ra5 34. Bc6 Bc2 35. Bb5 g5 36. hxg5+ hxg5 37. fxg5+ Kxg5 38. Kf1 Kf5 39. Ke1 e5 40.
Kd2 Bb3 41. Kc3 Bd5 42. Kb4 Ra8 43. Kc5 Ke4 44. f3+ Kxe3 45. Kxd5 exd4 46. Ra3+ Kf4 47. Kxd4 Rd8+ 48. Kc5 f5 49. a5 Rc8+ 50. Bc6 1-0

[Event "Early-Titled-Tuesday-Blitz-December-26-2023"]
[Site "Chess.com"]
[Date "2023.12.26"]
[Round "5"]
[White "Ducke13"]
[Black "Lady_Nika"]
[Result "0-1"]
[WhiteElo "2399"]
[BlackElo "2607"]
[TimeControl "180+1"]
[EndTime "8:54:09 PST"]
[Termination "Lady_Nika won by checkmate"]

1. d4 d5 2. g3 e6 3. Nf3 f5 4. Bg2 Nf6 5. O-O c6 6. c4 Bd6 7. Ne5 O-O 8. Bf4 Qe7 9. Nd2 Nbd7 10. Ndf3 Ne4 11. e3 Ndf6 12. Nd3 Bd7 13. Bxd6 Qxd6 14. Nfe5 Be8 15. f3 Ng5 16. c5 Qe7 17. b4 a6 18.
Qb3 Nd7 19. a4 Nxe5 20. Nxe5 Nf7 21. f4 Nxe5 22. dxe5 g5 23. Qc3 Rf7 24. b5 cxb5 25.
axb5 Bxb5 26. Rfb1 Rc8 27. Rc1 gxf4 28. exf4 Qf8 29. Qd4 Rfc7 30. Ra3 Rxc5 31. Rac3 Rxc3 32. Rxc3 Bc4 33. h4 Qc5 34. Qxc5 Rxc5 35. Kf2 b5 36. Ke3 b4 37. Rc1 a5 38. Kd4 Rc7 39. h5 b3 40. h6 Rb7 41. Rb1 a4 42. Kc3 a3 43.
Rg1 a2 44. g4 b2 45. gxf5 b1=Q 46. fxe6 Qxg1 47. Bxd5 a1=Q+ 48. Kxc4 Qgd4# 0-1

[Event "Early-Titled-Tuesday-Blitz-December-26-2023"]
[Site "Chess.com"]
[Date "2023.12.26"]
[Round "5"]
[White "Aleksandar-Topalov"]
[Black "Kostya0705"]
[Result "0-1"]
[WhiteElo "2356"]
[BlackElo "2578"]
[TimeControl "180+1"]
[EndTime "8:54:12 PST"]
[Termination "Kostya0705 won by resignation"]

1. b3 e5 2. Bb2 Nc6 3. e3 a6 4. c4 Nf6 5. Nf3 e4 6. Nd4 Nxd4 7. Bxd4 c6 8. Be2 d5 9. cxd5 cxd5 10. O-O Be7 11. Nc3 O-O 12. f3 exf3 13. Rxf3 b5 14.
Rg3 b4 15. Na4 Bf5 16. Bf3 Bg6 17. Rc1 Rb8 18. h4 Bd6 19. Rg5 h6 20. Bxf6 Qxf6 21. Rxd5 Rfd8 22. Rc6 Kh7 23. Qe1 Bh2+ 24. Kxh2 Qxc6 25.
Rc5 Qd6+ 26. g3 Qxd2+ 27. Qxd2 Rxd2+ 28. Kh3 Rxa2 29. h5 Bb1 30. Rc7 Bf5+ 31. g4 Be6 32. Be4+ Kg8 33. Nc5 Re2 34. Kg3 Rxe3+ 35. Kf4 Rc3 36.
Nxe6 fxe6 37. Ra7 Rxb3 38. Bg6 Rc3 39. Bf7+ Kh8 40. Bxe6 b3 41. Kf5 b2 42. Kg6 Rc6 0-1

[Event "Early-Titled-Tuesday-Blitz-December-26-2023"]
[Site "Chess.com"]
[Date "2023.12.26"]
[Round "5"]
[White "Andrei_Skvortsov"]
[Black "thechesscorner64"]
[Result "1-0"]
[WhiteElo "2672"]
[BlackElo "2430"]
[TimeControl "180+1"]
[EndTime "8:54:14 PST"]
[Termination "Andrei_Skvortsov won by checkmate"]

1. d4 Nf6 2. Nf3 e6 3. Bf4 b6 4. g4 Bb7 5. g5 Ng8 6. Bg2 d6 7. h4 h5 8. c4 g6 9. Nc3 Bg7 10. e4 Ne7 11. Qe2 Nd7 12. e5 Nf5 13. exd6 cxd6 14.
Rd1 O-O 15. O-O Re8 16. Nb5 e5 17. dxe5 dxe5 18. Bg3 e4 19. Nfd4 Nc5 20. Nxf5 Nd3 21. Nxg7 Kxg7 22. Nd6 Qe7 23. Rxd3 exd3 24. Nxe8+ Rxe8 25. Qxe7 Rxe7 26. Bxb7 Rxb7 27. Rd1 Rd7 28. Be5+ Kf8 29.
Kg2 Ke7 30. Kf3 Ke6 31. Ke4 d2 32. Bc3 f5+ 33. gxf6 g5 34. hxg5 h4 35. Rxd2 Rxd2 36. Bxd2 h3 37. Bf4 Kf7 38. Kf5 Kg8 39. g6 a6 40. Ke6 a5 41. Ke7 a4 42. Be5 h2 43.
f7# 1-0

[Event "Early-Titled-Tuesday-Blitz-December-26-2023"]
[Site "Chess.com"]
[Date "2023.12.26"]
[Round "5"]
[White "LuisFSiles"]
[Black "ploxoi"]
[Result "0-1"]
[WhiteElo "2275"]
[BlackElo "2499"]
[TimeControl "180+1"]
[EndTime "8:54:20 PST"]
[Termination "ploxoi won by resignation"]

1. e4 c5 2. Nf3 e6 3. c3 d5 4. exd5 Qxd5 5. d4 Nf6 6. a3 Nc6 7. Be3 Ng4 8. Bg5 cxd4 9. cxd4 h6 10. Nc3 Qd7 11. Bf4 b6 12. h3 Nf6 13. Bb5 Bd6 14. Bxd6 Qxd6 15. Ne5 Bb7 16. Qf3 Rc8 17. O-O O-O 18. Nxc6 Bxc6 19. Bxc6 Qxc6 20. Qe3 Rfd8 21. Rfd1 Nd5 22. Nxd5 Qxd5 23. Rac1 Rxc1 24. Rxc1 Qxd4 25. Qxd4 Rxd4 26. Rc8+ Kh7 27. Rc7 Rd1+ 28. Kh2 Rd2 29. Rxa7 Rxf2 30. b4 Kg6 31. Ra6 Ra2 32. a4 Kf6 33. b5 g5 34. a5 bxa5 35. b6 Rb2 36.
Rxa5 Rxb6 37. Ra8 Kg7 0-1

[Event "Early-Titled-Tuesday-Blitz-December-26-2023"]
[Site "Chess.com"]
[Date "2023.12.26"]
[Round "5"]
[White "seopie"]
[Black "bazar-wokzal"]
[Result "0-1"]
[WhiteElo "2810"]
[BlackElo "2651"]
[TimeControl "180+1"]
[EndTime "8:54:21 PST"]
[Termination "bazar-wokzal won by resignation"]

1. e4 Nc6 2. Nf3 d5 3. exd5 Qxd5 4. Nc3 Qa5 5. Bb5 Bd7 6. O-O a6 7. Bc4 Nf6 8. d4 O-O-O 9. Bxf7 Bg4 10. h3 Bxf3 11.
Qxf3 Nxd4 12. Qd3 e5 13. Ne4 Be7 14. Nxf6 gxf6 15. c3 Nc6 16. Qf3 Kb8 17. b4 Qb5 18.
Be3 Qd3 19. Rac1 e4 20. Qf5 Ne5 21. Rfd1 Qxd1+ 22. Rxd1 Rxd1+ 23. Kh2 Nxf7 24. Qe6 Bd6+ 25. g3 Ne5 26. h4 Nf3+ 27. Kh3 h5 0-1

[Event "Early-Titled-Tuesday-Blitz-December-26-2023"]
[Site "Chess.com"]
[Date "2023.12.26"]
[Round "5"]
[White "Onischuk_V"]
[Black "GMBenjaminBok"]
[Result "0-1"]
[WhiteElo "2699"]
[BlackElo "2977"]
[TimeControl "180+1"]
[EndTime "8:54:22 PST"]
[Termination "GMBenjaminBok won by resignation"]

1. Nf3 d5 2. g3 c6 3. Bg2 Bg4 4. O-O Nd7 5. d3 Ngf6 6. Nbd2 e5 7. e4 dxe4 8. dxe4 Bc5 9. h3 Bh5 10. Qe1 O-O 11. Nb3 Be7 12. a4 Qc7 13. Nh4 Nc5 14.
Nd2 Rfe8 15. Nc4 Nfd7 16. Nf5 Bf8 17. f4 f6 18. fxe5 Nxe5 19. Bf4 Ncd7 20. g4 Bf7 21. Nxe5 Nxe5 22. b3 Qb6+ 23. Kh1 Ng6 24. Be3 Qc7 25. Qf2 b6 26. h4 Rad8 27. h5 Ne5 28. Qh4 h6 29. Rf2 Rd7 30. Raf1 Qd8 31. Qg3 Rd1 32. Kh2 Bc5 33. Bxc5 bxc5 34. Ne3 Rd2 35. Rxd2 Qxd2 36. Qf2 Qxe3 0-1

[Event "Early-Titled-Tuesday-Blitz-December-26-2023"]
[Site "Chess.com"]
[Date "2023.12.26"]
[Round "5"]
[White "a-z30"]
[Black "elchacal664"]
[Result "1-0"]
[WhiteElo "2496"]
[BlackElo "2292"]
[TimeControl "180+1"]
[EndTime "8:54:22 PST"]
[Termination "a-z30 won by resignation"]

1. d4 e5 2. dxe5 Nc6 3. Nf3 Qe7 4. e4 Nxe5 5. Nxe5 Qxe5 6. Nc3 Nf6 7. Bc4 Bb4 8. O-O O-O 9. Nd5 Nxd5 10. exd5 Bd6 11.
g3 b6 12. Re1 Qf6 13. Be3 Qxb2 14. Bd4 Qb4 15. Bd3 h6 16. Qg4 f6 17. Qg6 Be5 18.
Bxe5 fxe5 19. Rxe5 Qd4 20. Qh7+ Kf7 21. Rf5+ Ke7 22.
Re1+ Kd6 23. Rxf8 1-0

[Event "Early-Titled-Tuesday-Blitz-December-26-2023"]
[Site "Chess.com"]
[Date "2023.12.26"]
[Round "5"]
[White "frederiksvane"]
[Black "Jospem"]
[Result "1-0"]
[WhiteElo "2963"]
[BlackElo "3064"]
[TimeControl "180+1"]
[EndTime "8:54:23 PST"]
[Termination "frederiksvane won by resignation"]

1. e4 c5 2. Nf3 d6 3. Bb5+ Nd7 4. a4 Nf6 5. Nc3 e6 6. O-O a6 7. Bxd7+ Bxd7 8. d4 cxd4 9. Qxd4 e5 10. Qd3 h6 11. Nd2 Be6 12. Nc4 Qc7 13. Ne3 Rc8 14.
Rd1 Be7 15. Bd2 O-O 16. Be1 Rfd8 17. a5 Bc4 18. Qd2 d5 19. exd5 Bb4 20. Ra4 Bxc3 21.
Qxc3 Be2 22. Qxc7 Rxc7 23. Rd2 Bb5 24. Rb4 Rdc8 25. c4 Be8 26. b3 Ne4 27. Rd1 Nd6 28. Rb6 Ne4 29. Bb4 Rd7 30. f3 Ng5 31. Nf5 Kh7 32. Nd6 Rb8 33. h4 1-0

[Event "Early-Titled-Tuesday-Blitz-December-26-2023"]
[Site "Chess.com"]
[Date "2023.12.26"]
[Round "5"]
[White "maciek_92"]
[Black "ukchessbomber"]
[Result "0-1"]
[WhiteElo "2856"]
[BlackElo "2691"]
[TimeControl "180+1"]
[EndTime "8:54:23 PST"]
[Termination "ukchessbomber won by resignation"]

1. c4 b6 2. d4 Bb7 3. Nc3 Nf6 4. d5 e6 5. a3 Be7 6. e4 O-O 7. Nf3 exd5 8. exd5 Re8 9. Be2 c6 10. O-O cxd5 11.
cxd5 Bf8 12. Bg5 Na6 13. Bh4 Nc7 14. Bc4 h6 15. Qd3 g6 16. Rfe1 Bg7 17. Rxe8+ Ncxe8 18. Ba2 Nd6 19. Nd4 Qf8 20. Bg3 Re8 21. h3 Nde4 22. Nxe4 Nxe4 23. Bf4 Qc5 24. Be3 Ba6 25. Qxa6 Bxd4 26. Rc1 Bxe3 27. Rxc5 Bxf2+ 28. Kh2 Bg3+ 29. Kg1 Nxc5 0-1

[Event "Early-Titled-Tuesday-Blitz-December-26-2023"]
[Site "Chess.com"]
[Date "2023.12.26"]
[Round "5"]
[White "Ramosha"]
[Black "Philosopherrr"]
[Result "0-1"]
[WhiteElo "2567"]
[BlackElo "2403"]
[TimeControl "180+1"]
[EndTime "8:54:28 PST"]
[Termination "Philosopherrr won by resignation"]

1. e4 e5 2. Nf3 Nc6 3. d4 exd4 4. Nxd4 Qf6 5. c3 Bc5 6. Be3 Nge7 7. Be2 O-O 8. O-O Bb6 9. Na3 d5 10. Nxc6 bxc6 11.
Bxb6 axb6 12. Bf3 Be6 13. Nc2 Rfd8 14. Qe2 dxe4 15. Bxe4 Rxa2 16. Nd4 Rxa1 17. Rxa1 c5 18. Nb5 c6 19. Nc7 g6 20. g3 b5 21. Qe3 Qe5 22. Nxe6 Qxe6 23. f3 c4 24. Qc5 Rd2 25. Ra7 Qh3 26. Ra8+ Nc8 27. Rxc8+ Qxc8 28. Qg5 Rxb2 29. Qc1 Ra2 30. g4 Qb8 31. f4 Qa7+ 32.
Kh1 Qf2 0-1

[Event "Early-Titled-Tuesday-Blitz-December-26-2023"]
[Site "Chess.com"]
[Date "2023.12.26"]
[Round "5"]
[White "djokovic74"]
[Black "Petrakejzar96"]
[Result "1-0"]
[WhiteElo "2641"]
[BlackElo "2311"]
[TimeControl "180+1"]
[EndTime "8:54:29 PST"]
[Termination "djokovic74 won by checkmate"]

1. c4 Nf6 2. Nf3 e6 3. g3 d5 4. d4 dxc4 5. Bg2 c5 6. O-O Nc6 7. dxc5 Qxd1 8. Rxd1 Bxc5 9. Nbd2 O-O 10. Nxc4 a6 11.
Be3 Bxe3 12. Nxe3 Rb8 13. Rac1 Nb4 14. a3 Nbd5 15. Nxd5 Nxd5 16. e4 Nf6 17. Ne5 b5 18. Nc6 Ra8 19. Ne7+ Kh8 20. Rc7 Rb8 21. e5 Ng4 22.
Rdc1 Nxe5 23. Nxc8 Nc4 24. b3 Nxa3 25. Nd6 f6 26.
Ra1 b4 27. Nc4 Nxc4 28. Rxc4 Rb6 29. Ra4 Rfb8 30. Ra5 Kg8 31. Rac5 Kf7 32. Rc7+ Kg6 33. Rg4+ Kh6 34. Rgxg7 e5 35. Be4 a5 36. Rxh7+ Kg5 37.
Rcg7# 1-0

[Event "Early-Titled-Tuesday-Blitz-December-26-2023"]
[Site "Chess.com"]
[Date "2023.12.26"]
[Round "5"]
[White "BeardedNM"]
[Black "egnfanclub"]
[Result "0-1"]
[WhiteElo "2151"]
[BlackElo "2348"]
[TimeControl "180+1"]
[EndTime "8:54:29 PST"]
[Termination "egnfanclub won on time"]

1. e4 e5 2. Nf3 Nc6 3. Bb5 a6 4. Ba4 d6 5. c3 f5 6. exf5 Bxf5 7.
O-O Bd3 8. Re1 Be7 9. Bc2 Bxc2 10. Qxc2 Nf6 11. d4 e4 12. Ng5 d5 13. f3 h6 14. Ne6 Qd7 15. Nf4 O-O-O 16. Nd2 exf3 17. Nxf3 Ne4 18. Ng6 Rhe8 19. Nfe5 Nxe5 20. Nxe5 Qe6 21. Bf4 g5 22. Bg3 Bd6 23. Nd3 Bxg3 24. hxg3 Qg4 25. Nc5 Nxg3 26. Rxe8 Rxe8 27. Qg6 Ne2+ 28.
Kf1 Qf4+ 0-1

[Event "Early-Titled-Tuesday-Blitz-December-26-2023"]
[Site "Chess.com"]
[Date "2023.12.26"]
[Round "5"]
[White "viviania"]
[Black "SharapovEvgeny"]
[Result "1-0"]
[WhiteElo "2850"]
[BlackElo "2581"]
[TimeControl "180+1"]
[EndTime "8:54:32 PST"]
[Termination "viviania won by resignation"]

1. d4 d5 2. c4 c6 3. Nf3 Nf6 4. Qb3 Qb6 5. Nc3 Qxb3 6. axb3 Nbd7 7. Bf4 Nh5 8. Bc7 e6 9. e3 Bb4 10. Bd3 f5 11. Ke2 Nhf6 12. Ra4 Bxc3 13. bxc3 Ne4 14.
Rc1 Ndf6 15. Ne5 Bd7 16. f3 Ng5 17. Rca1 a6 18. Rb4 Bc8 19. Bc2 Nf7 20. Nd3 Kd7 21.
Bg3 a5 22. Nc5+ Ke7 23. Rb6 Nd7 24. Nxd7 Kxd7 25. cxd5 cxd5 26. b4 Ra6 27. Rxa6 bxa6 28. Rxa5 Nd6 29. Bxd6 Kxd6 30. Bd3 Bd7 31. Rxa6+ Kc7 32.
Kd2 g5 33. c4 Rb8 34. cxd5 exd5 35. Kc3 Re8 36. Ra7+ Kd6 37. Rxd7+ 1-0

[Event "Early-Titled-Tuesday-Blitz-December-26-2023"]
[Site "Chess.com"]
[Date "2023.12.26"]
[Round "5"]
[White "ahkashefi2800"]
[Black "Legendinunknown"]
[Result "1-0"]
[WhiteElo "2573"]
[BlackElo "2692"]
[TimeControl "180+1"]
[EndTime "8:54:33 PST"]
[Termination "ahkashefi2800 won by resignation"]

1. d4 Nf6 2. Nf3 e6 3. g3 b5 4.
Bg2 Bb7 5. O-O Be7 6. Bg5 O-O 7.
a4 b4 8. Qd3 a5 9. Bxf6 Bxf6 10. Ng5 Bxg5 11. Bxb7 Ra7 12. Bg2 d6 13. e3 c5 14. Nd2 Nd7 15. c3 d5 16. Rfe1 bxc3 17. bxc3 f5 18. Rab1 c4 19. Qc2 Qc7 20. Rb5 Rb8 21.
Reb1 Rab7 22. Rxb7 Rxb7 23. Rxb7 Qxb7 24. Nxc4 Qc7 25.
Nb2 Nb6 26. Bf1 Be7 27. c4 dxc4 28. Nxc4 Nd5 29. Qb3 h6 30. Ne5 Bd6 31. Bc4 Bxe5 32. Bxd5 exd5 33. Qxd5+ Kh8 34. dxe5 Qc2 35. e6 Qxa4 36.
e7 1-0

[Event "Early-Titled-Tuesday-Blitz-December-26-2023"]
[Site "Chess.com"]
[Date "2023.12.26"]
[Round "5"]
[White "Aygehovit1992"]
[Black "noblerone"]
[Result "1-0"]
[WhiteElo "2753"]
[BlackElo "2520"]
[TimeControl "180+1"]
[EndTime "8:54:34 PST"]
[Termination "Aygehovit1992 won on time"]

1. e4 c5 2. Nc3 Nc6 3. Bb5 Nd4 4. Nf3 e6 5. O-O Ne7 6. Nxd4 cxd4 7. Ne2 Qb6 8. a4 a6 9. Bd3 Nc6 10. c3 Be7 11. b4 O-O 12. Bb2 Ne5 13. Bb1 Nc4 14.
Bc1 dxc3 15. dxc3 d6 16. a5 Qc7 17. f4 Bd7 18. Kh1 Bc6 19. f5 exf5 20. Ng3 fxe4 21. Qg4 Bd7 22. Qxe4 g6 23. Qxe7 Rae8 24. Qf6 Re6 25.
Qh4 Rfe8 26. Bh6 Bc6 27. Ba2 d5 28. Bxc4 dxc4 29. Qd4 f6 30. Rxf6 Re1+ 31. Rf1 Rxf1+ 32.
Rxf1 Qe7 33. Qxc4+ Kh8 34. Qd4+ Kg8 35. h3 Rd8 36.
Qf6 1-0

[Event "Early-Titled-Tuesday-Blitz-December-26-2023"]
[Site "Chess.com"]
[Date "2023.12.26"]
[Round "5"]
[White "vugarrasulov"]
[Black "BardArtem"]
[Result "1-0"]
[WhiteElo "2930"]
[BlackElo "2700"]
[TimeControl "180+1"]
[EndTime "8:54:37 PST"]
[Termination "vugarrasulov won by resignation"]

1. e4 e5 2. Nf3 Nc6 3. Bc4 Bc5 4. d3 Nf6 5. O-O d6 6. Bg5 h6 7. Bxf6 Qxf6 8. Nc3 O-O 9. Nd5 Qd8 10. c3 Ne7 11. d4 Nxd5 12. Bxd5 exd4 13. cxd4 Bb6 14. h3 c6 15. Bb3 Re8 16. Re1 Be6 17. Bc2 Qf6 18. Qd3 g6 19. Rad1 Rad8 20. a3 Kg7 21.
Bb3 d5 22. e5 Qe7 23. Qd2 Bf5 24. Bc2 Qe6 25. Bxf5 Qxf5 26. b4 a6 27. Re3 Rd7 28. Rde1 Qe6 29. Nh2 Bd8 30. Rf1 a5 31. Ng4 axb4 32.
axb4 Rh8 33. Rf3 h5 34. Nf6 Bxf6 35. exf6+ Kh7 36. Re1 Qd6 37. g4 hxg4 38. hxg4 1-0